Cogmind - Beta 11.1 *** ADVENTURER MODE // 2022.10.08 @ 09:36:47 Player: Vilhien Result: Self-destructed Performance ------------- Evolutions (2) 1000 Regions Visited (4) 800 Robots Destroyed (14) 70 Value Destroyed (329) 329 Prototype IDs (0) 0 Alien Tech Used (0) 0 Bonus (77) 77 TOTAL SCORE: 2276 Bonus ------- Follower Combat Kills 77 Cogmind --------- Core Integrity 301/550 Matter 290/300 Energy 85/100 System Corruption 0% Temperature Cool (0) Movement Core (300) Ox5 Location -8/Materials Parts ------- > --- POWER (5) -------- (None) > --- PROPULSION (2) --- (None) > --- UTILITY (2) ------ Medium Storage Unit Signal Interpreter > --- WEAPON (2) ------- Plasma Cannon > --- INVENTORY (10) --- Aluminum Leg Aluminum Leg Improved Heat Sink Improved Terrain Scanner Improved Medium Armor Plating Peak State ------------ > --- POWER ------------ Ion Engine > --- PROPULSION ------- Aluminum Leg Aluminum Leg > --- UTILITY ---------- Small Storage Unit Improved Terrain Scanner > --- WEAPON ----------- Assault Rifle Light Assault Rifle > --- INVENTORY -------- Light Ion Engine Wheel Improved Heat Sink Seismic Detector Light Armor Plating Light Assault Rifle Mining Laser [Rating: 9] Favorites ----------- Power Ion Engine Engine Ion Engine Propulsion Aluminum Leg Leg Aluminum Leg Utility Small Storage Unit Device Seismic Detector Storage Small Storage Unit Processor Signal Interpreter Weapon Assault Rifle Energy Cannon Plasma Cannon Ballistic Gun Assault Rifle Special Weapon Mining Laser Slashing Weapon Mining Claw Build | -11 -10 -10 -9 -8 ------- Run | Scr Mat Min Mat Mat Slots Evolved 4 | . . . 2 2 Power 4 | . . . 2 2 Propulsion . | . . . . . Utility . | . . . . . Weapon . | . . . . . Parts Attached 25 | 8 12 2 . 3 Power 1 | 1 . . . . Engine 1 | 1 . . . . Core . | . . . . . Reactor . | . . . . . Propulsion 4 | 2 2 . . . Treads . | . . . . . Leg 4 | 2 2 . . . Wheel . | . . . . . Hover . | . . . . . Flight . | . . . . . Utility 10 | 2 7 1 . . Device 3 | 1 2 . . . Storage 6 | 1 4 1 . . Processor 1 | . 1 . . . Hackware . | . . . . . Protection . | . . . . . Artifact . | . . . . . Weapon 10 | 3 3 1 . 3 Energy Gun . | . . . . . Energy Cannon 2 | . . . . 2 Ballistic Gun 4 | 3 1 . . . Ballistic Cannon . | . . . . . Launcher . | . . . . . Special Weapon 2 | . 1 1 . . Impact Weapon . | . . . . . Slashing Weapon 2 | . 1 . . 1 Piercing Weapon . | . . . . . Special Melee Weapon . | . . . . . Unidentified Prototypes . | . . . . . Parts Lost 7 | . . 2 . 5 Power 1 | . . 1 . . Propulsion 2 | . . . . 2 Utility . | . . . . . Weapon 4 | . . 1 . 3 Highest Loss Streak 2 | . . 1 . 2 To Critical Strikes . | . . . . . Average Slot Usage (%) 84 | . 98 88 66 40 Engine 8 | . 14 4 . . Leg 24 | . 27 28 22 5 Device 2 | . 4 . . . Storage 14 | . 17 13 11 9 Processor 9 | . 6 14 11 9 Ballistic Gun 11 | . 21 2 . . Special Weapon 6 | . 5 10 11 1 Slashing Weapon 6 | . . 14 11 8 Naked Turns . | . . . . . Heaviest Build 19 | 15 18 14 13 19 Greatest Support 20 | 3 20 20 20 20 Greatest Overweight (x) 6 | 4 4 . . 6 Average Overweight (x) . | 2 . . . 2 Largest Inventory Capacity 10 | 8 8 10 10 10 Average Capacity 8 | 7 7 8 10 10 Most Carried 8 | 7 8 5 4 8 Average Carried 5 | 5 6 4 4 5 Final Capacity 10 | 8 8 10 10 10 Final Carried 7 | 7 5 4 4 5 Class Distribution -------------------- 100% | Mutant Dominant Class ---------------- Mutant | -10/Materials Mutant | -10/Mines Mutant | -9/Materials Mutant | -8/Materials Resources | -11 -10 -10 -9 -8 ----------- Run | Scr Mat Min Mat Mat Matter Collected 768 | 340 385 43 . . Remotely . | . . . . . Salvage Created 511 | 180 172 38 15 106 Parts 38 | 14 11 . 5 8 Haulers Intercepted . | . . . . . Recyclers Shooed . | . . . . . Parts Field Recycled . | . . . . . Retrieved Matter . | . . . . . Parts Self-Destructed . | . . . . . Prevented . | . . . . . Kills | -11 -10 -10 -9 -8 ------- Run | Scr Mat Min Mat Mat Combat Hostiles Destroyed 11 | . 6 3 . 2 Melee 3 | . . 3 . . Guns 6 | . 6 . . . Cannons 1 | . . . . 1 Classes Destroyed 9 | 3 2 1 1 2 Worker 1 | 1 . . . . Tunneler 3 | 3 . . . . Recycler 1 | 1 . . . . Watcher 1 | . . . 1 . Swarmer 3 | . 3 . . . Grunt 3 | . 3 . . . Sentry 1 | . . . . 1 Hunter 1 | . . . . 1 Assembled 3 | . . 3 . . Best Kill Streak 3 | 2 3 1 1 1 Combat Bots Only 3 | . 3 1 . 1 Max Kills in Single Turn 2 | 1 2 1 1 1 Gunslinging 1 | . 1 . . . Exploded . | . . . . . Melee 1 | . . 1 . . Uniques/NPCs Destroyed . | . . . . . Combat | -11 -10 -10 -9 -8 -------- Run | Scr Mat Min Mat Mat Damage Taken 1295 | . 494 200 . 601 Core 471 | . 191 31 . 249 Absorbed by Shields . | . . . . . Regen/Repaired (Parts) 27 | . 27 . . . Core Remaining (%) 70 | 100 . 11 100 . Volleys Fired 70 | 10 38 10 1 11 Largest 2 | 2 2 1 1 1 Hottest 100 | 40 40 100 100 80 Shots Fired 115 | 20 73 10 1 11 Gun 99 | 20 73 6 . . Cannon 11 | . . . . 11 Launcher . | . . . . . Special 5 | . . 4 1 . Kinetic 99 | 20 73 6 . . Thermal 16 | . . 4 1 11 Explosive . | . . . . . Electromagnetic . | . . . . . Robot Hit Streak 20 | 8 20 1 . 6 Robot Miss Streak 3 | 1 1 3 . 1 Penetration Max . | . . . . . Secondary Targets 1 | . 1 . . . Max Gunslinging Chain 1 | . 1 . . . Shots Hit Robots 63 | 13 30 6 1 13 Core Hits 23 | 6 11 2 1 3 Critical Kills 2 | 1 1 . . . Critical Parts Destroyed . | . . . . . Critical Strikes 2 | 1 1 . . . Destroy 2 | 1 1 . . . Melee Attacks 14 | . 2 7 1 4 Impact . | . . . . . Slashing 14 | . 2 7 1 4 Piercing . | . . . . . Sneak Attacks 1 | . . . . 1 Combat Hostiles . | . . . . . Follow-up Attacks . | . . . . . Damage Inflicted 979 | 155 316 160 25 323 Guns 484 | 155 316 13 . . Cannons 200 | . . . . 200 Explosions . | . . . . . Melee 295 | . . 147 25 123 Ramming . | . . . . . Kinetic 484 | 155 316 13 . . Thermal 200 | . . . . 200 Explosive . | . . . . . Electromagnetic . | . . . . . Impact . | . . . . . Slashing 295 | . . 147 25 123 Piercing . | . . . . . Highest Corruption . | . . . . . Average Corruption . | . . . . . Corruption Purged . | . . . . . Corruption Blocked . | . . . . . Overload Shots . | . . . . . Overflow Damage 48 | . . 28 . 20 Projectiles . | . . . . . Explosions . | . . . . . Melee 48 | . . 28 . 20 Knockbacks . | . . . . . Impact . | . . . . . Kinetic . | . . . . . Secondary . | . . . . . Self-Inflicted Damage 150 | . 150 . . . Shots 2 | . 2 . . . Rammed . | . . . . . Targets Rammed . | . . . . . Kicked . | . . . . . Crushed . | . . . . . Highest Temperature 72 | . 27 10 . 72 Average Temperature 20 | . 11 3 . 32 Received Heat Transfer 671 | . 234 149 . 288 Siege Activations . | . . . . . Robots Corrupted . | . . . . . Combat Hostiles . | . . . . . Parts Fried . | . . . . . Impact Corruptions . | . . . . . Robots Melted 1 | . . . . 1 Combat Hostiles 1 | . . . . 1 Parts Melted 2 | . . . . 2 Heat Transferred 400 | . . . . 400 Parts Sabotaged . | . . . . . Parts Stolen . | . . . . . Parts Stripped . | . . . . . Power Chain Reactions . | . . . . . Missiles Intercepted . | . . . . . Alert | -11 -10 -10 -9 -8 ------- Run | Scr Mat Min Mat Mat Peak Influence 239 | 25 239 35 96 118 Initial 34 | . 13 20 . 34 Average 55 | 11 88 13 24 81 Maximum Alert Level 1 | . 1 . . . Low Security (%) 92 | 100 82 100 100 100 Level 1 7 | . 17 . . . Level 2 . | . . . . . Level 3 . | . . . . . Level 4 . | . . . . . Level 5 . | . . . . . High Security . | . . . . . Max Security . | . . . . . Squads Dispatched 3 | . 2 . . 1 Investigation 2 | . 2 . . . Extermination . | . . . . . Reinforcement 1 | . . . . 1 Assault . | . . . . . Garrison . | . . . . . Intercept . | . . . . . Searches Triggered . | . . . . . Construction Impeded . | . . . . . Haulers Reinforced . | . . . . . Active Scanning Responses . | . . . . . Cargo Convoy Interrupts . | . . . . . Stealth | -11 -10 -10 -9 -8 --------- Run | Scr Mat Min Mat Mat Distress Signals 1 | . . 1 . . Communications Jammed . | . . . . . Distress Signals . | . . . . . Times Spotted 30 | . 11 11 4 4 Peak Tracking Total 4 | . 3 4 3 2 Tactical Retreats 1 | . 1 . . . Traps | -11 -10 -10 -9 -8 ------- Run | Scr Mat Min Mat Mat Traps Triggered . | . . . . . Indirectly . | . . . . . Trap Hack Attempts . | . . . . . Triggered . | . . . . . Disarmed . | . . . . . Reprogrammed . | . . . . . Reused . | . . . . . Traps Extracted . | . . . . . Installed . | . . . . . Triggered . | . . . . . Machines | -11 -10 -10 -9 -8 ---------- Run | Scr Mat Min Mat Mat Machines Disabled 4 | . 3 . . 1 Max in Single Turn 2 | . 2 . . 1 Machines Sabotaged . | . . . . . Garrisons Compromised . | . . . . . Overloaded Fab Kills . | . . . . . Hacking | -11 -10 -10 -9 -8 --------- Run | Scr Mat Min Mat Mat Machines Accessed 5 | . 3 1 . 1 Terminals 4 | . 2 1 . 1 Fabricators . | . . . . . Repair Stations 1 | . 1 . . . Recycling Units . | . . . . . Scanalyzers . | . . . . . Garrison Access . | . . . . . Total Hacks 16 | . 10 1 . 5 Successful 8 | . 5 1 . 2 Failed 8 | . 5 . . 3 Catastrophic . | . . . . . Database Lockouts . | . . . . . Manual 1 | . 1 . . . Terminals 10 | . 4 1 . 5 Fabricators . | . . . . . Repair Stations 6 | . 6 . . . Recycling Units . | . . . . . Scanalyzers . | . . . . . Garrison Access . | . . . . . Terminal Hacks 5 | . 2 1 . 2 Record 1 | . . . . 1 Alert Level 1 | . 1 . . . Dispatch Records 2 | . 1 1 . . Registered Components 1 | . . . . 1 Fabricator Hacks . | . . . . . Repair Station Hacks 3 | . 3 . . . Scan Component 2 | . 2 . . . Repair 1 | . 1 . . . Recycling Unit Hacks . | . . . . . Scanalyzer . | . . . . . Garrison Access Hacks . | . . . . . Unauthorized Hacks . | . . . . . Terminals . | . . . . . Fabricators . | . . . . . Repair Stations . | . . . . . Recycling Units . | . . . . . Scanalyzers . | . . . . . Garrison Access . | . . . . . Data Cores Recovered . | . . . . . Used . | . . . . . Hacking Detections 5 | . 3 1 . 1 Full Trace Events 3 | . 2 . . 1 Feedback Events . | . . . . . Feedback Blocked . | . . . . . Robot Schematics Acquired . | . . . . . Robots Built . | . . . . . Authchips . | . . . . . Time . | . . . . . Total Robot Build Rating . | . . . . . Part Schematics Acquired . | . . . . . Parts Built . | . . . . . Authchips . | . . . . . Time . | . . . . . Total Part Build Rating . | . . . . . Parts Repaired 1 | . 1 . . . Time 26 | . 26 . . . Parts Recycled . | . . . . . Recycled Matter . | . . . . . Retrieved Matter . | . . . . . Retrieved Components . | . . . . . Parts Scanalyzed . | . . . . . Part Schematics Acquired . | . . . . . Parts Damaged . | . . . . . Bothacking | -11 -10 -10 -9 -8 ------------ Run | Scr Mat Min Mat Mat Used RIF Installer . | . . . . . Robots Hacked . | . . . . . Non-combat . | . . . . . Combat . | . . . . . Robot Hacks Applied . | . . . . . Relay Couplers Released . | . . . . . Fabnet Peak Effective % . | . . . . . Robots Rewired . | . . . . . Allies Hacked . | . . . . . Hacks Repelled . | . . . . . Allies | -11 -10 -10 -9 -8 -------- Run | Scr Mat Min Mat Mat Total Allies 2 | . . 2 . . Largest Group 2 | . . 2 2 . Highest-Rated Group 49 | . . 49 49 . Highest-Rated Ally 31 | . . 31 31 . Total Orders . | . . . . . Ally Attacks 4 | . . . 4 . Total Damage 64 | . . . 64 . Kills 3 | . . . 3 . Allies Corrupted . | . . . . . Allies Melted . | . . . . . Intel | -11 -10 -10 -9 -8 ------- Run | Scr Mat Min Mat Mat Robot Analysis Total . | . . . . . Derelict Logs Recovered . | . . . . . Drone Launches . | . . . . . Drone Recoveries . | . . . . . Exploration | -11 -10 -10 -9 -8 ------------- Run | Scr Mat Min Mat Mat Turns Passed 2326 | 194 1024 629 185 294 Spaces Moved 1434 | 81 605 481 149 118 Core 213 | 81 93 . . 39 Treads . | . . . . . Legs 1221 | . 512 481 149 79 Wheels . | . . . . . Hover . | . . . . . Flight . | . . . . . Fastest Speed 50 | 50 120 120 120 120 Average Speed 141 | 178 144 120 120 214 Slowest Speed 350 | 250 250 120 120 350 Overloaded Moves . | . . . . . Propulsion Burnouts . | . . . . . Robots Hopped . | . . . . . Cave-ins Triggered . | . . . . . Exploration Rate (%) 32 | 5 49 86 14 8 Regions Visited 4 Branch Regions 1 Pre-discovered Areas . | . . . . . Known Exits Taken . | . . . . . Unknown Exits Taken 4 | 1 1 1 1 . Scrap Searched 1 | . . 1 . . Spaces Dug 2 | . 1 1 . . Terrain Destroyed 61 | . 59 1 . 1 Melee 1 | . 1 . . . Projectile 2 | . . 1 . 1 AOE 58 | . 58 . . . Terrain Rammed . | . . . . . Walls Destroyed . | . . . . . Machines Disabled . | . . . . . Actions | -11 -10 -10 -9 -8 --------- Run | Scr Mat Min Mat Mat Total 1589 | 110 688 501 150 140 Wait . | . . . . . Move 1430 | 80 604 480 148 118 Hop . | . . . . . Pick Up 29 | 12 13 1 . 3 Fast Attach 2 | 2 . . . . Attach 19 | 5 9 2 . 3 Detach 4 | . 3 . . 1 Swap 4 | 1 3 . . . Drop 17 | . 16 1 . . Fire 70 | 10 38 10 1 11 Melee 14 | . 2 7 1 4 Ram . | . . . . . Kick . | . . . . . Crush . | . . . . . Escape Stasis . | . . . . . Rewire . | . . . . . Trap . | . . . . . Miscellaneous . | . . . . . Route ------- -11/Scrapyard -10/Materials -10/Mines -9/Materials -8/Materials History --------- Turn | Location | Event 3 | -11/Scrapyard | Discovered new exit (range 15) 195 | -11/Scrapyard | Entered Materials 310 | -10/Materials | Build established: Mutant 630 | -10/Materials | Core integrity fell below 50% 875 | -10/Materials | Repaired Aluminum Leg? 1210 | -10/Materials | Discovered new exit (range 9) 1219 | -10/Materials | Entered Mines 1223 | -10/Mines | Assembled infested the area 1228 | -10/Mines | Assisted by a Guerilla fighting off Assembled 1283 | -10/Mines | Core integrity fell below 20% 1799 | -10/Mines | Discovered new exit (range 16) 1848 | -10/Mines | Entered Materials 1848 | -9/Materials | Accompanied by 2 allies 1848 | -9/Materials | Evolved 2 slots: Power x2 1853 | -9/Materials | Led the pair of lost Derelicts to an unsafe place 2011 | -9/Materials | Discovered new exit (range 16) 2033 | -9/Materials | Entered another Materials area 2033 | -8/Materials | Evolved 2 slots: Power x2 2327 | -8/Materials | Self-destructed Last Messages --------------- 02195_ Terminal disabled. 02206_ Penetrated by Slug. [Achievement: It's Just You] The achievement interface (ESC then open Records) offers an effective way to explore all of your earned achievements as well as seek out new goals for future runs. 02213_ H-55 Commando critical meltdown. 02213_ Carbon-fiber Leg melted. 02213_ Gauss Rifle melted. 02241_ R-06 Scavenger collects Hvy. Assault Rifle. 02245_ R-06 Scavenger collects Lgt. Treads. 02248_ R-06 Scavenger collects Lgt. Armor Plating. 02252_ R-06 Scavenger collects Lgt. Treads. 02283_ R-06 Scavenger collects Heat Sink. 02297_ Critical hit (Burn: +37). 02302_ Sneak attack on T-07 Excavator. 02302_ Destroyed Mining Laser. 02303_ Plasma Cannon destroyed. 02322_ Critical hit (Burn: +37). 02326_ Mining Claw destroyed. Map ----- +----------------------------------------------------+ | ?????????????????????????????????????????????????? | | ?????????????????????????????????????????????????? | | ?????????????????????????????????????????????????? | | ?????????????????????????????????????????????????? | | ?????????????????????????????????????????????????? | | ?????????????????????????????????????????????????? | | ?????????????????????????????????????????????????? | | ?????????????????????????????????????????????????? | | ?????????????????????????????????????????????????? | | ?????????????????????????????????????????????????? | | ?????????????????????????????????????????????????? | | ?????????????????????????????????????????????????? | | ????????????????????## ?#????????????????????????? | | ???????????????????## ????????????????????????? | | ???????????????????? ?????????????#######????? | | ???????????????????? T ?????????????#"""""#????? | | ????????????????????? ???????????###""T""###??? | | ????????????????????? ???????????# #??? | | ?????????????????????# #?????????## #??? | | ?????????????????????# #?????###### """ """ #??? | | ?????????????????????#u #?????+ # """ """ #??? | | ?????????????????????# #?????# # """ """ #??? | | ?????????????????????# #?????# # #??? | | ?????????????????????# #?????# # ] #??? | | ????????????????????## gg##????# # [% #??? | | ????????????????????# a @###### #####+######## | | ???????????? # | | ?????????????"" + % % | | ?????????????"" # | | ?????????????"" ???# ###+##### ######### | | ????????????????????#######???????# #???????? | | ??????????????????????????????????#!!!! ]#???????? | | ??????????????????????????????????#!! ! ]#???????? | | ??????????????????????????????????########???????? | | ?????????????????????????????????????????????????? | | ?????????????????????????????????????????????????? | | | | | | | | | | | | | | | | | | | | | | | | | | | | | +----------------------------------------------------+ Best States ------------- Heat Dissipation 31 Energy Generation 10 Energy Capacity 250 Matter Stores 390 Matter Capacity 500 Sight Range 16 Terrain Scan Range 16 Terrain Scan Density 10 Resistance: KI 20 Resistance: TH 20 Resistance: EX 20 Resistance: EM 20 Resistance: I 20 Resistance: S 20 Resistance: P 20 Evasion (%) 55 Offensive Hacking 10 Item Schematics ----------------- None Robot Schematics ------------------ None Fabricated ------------ Nothing Alien Tech Used ----------------- None Achievements -------------- Crack Shot I Survived The Infestation It's Just You One Hack Too Far Part-time Mechanic Challenges ------------ None Game ------ Seed DecoyPhasingMatrix Manual? 0 Play Time 01:01:45 Cumulative 24.2 hours Start 2022.06.12 @ 12:00:24 End 2022.10.08 @ 09:36:47 Sessions 1 Manual Loads 0 Difficulty Adventurer Special Mode None Game No. 53 Rogue 51 Adventurer 2 Explorer 0 Win Type - Total 0 Types 0/0/0/0/0/0/0/0/0 Lore% 12 Gallery% 23 Achievement% 3 Wizard Run 0 Options --------- ASCII 0 Keyboard 0 Movement Mouse Keybinds 0 Fullscreen 1 Font 12/Smallcaps Map View 83x54 Tactical HUD 1 Map Filters NONE Filters NONE Steam 1 RUN: 0adf0119-8ced-4529-865c-d9f8d84be0c5